 Dungeon Crawl Stone Soup version 0.29-a0-997-gf6f7e2dfe7 (webtiles) character file.

Game seed: 2117405964283481205

307 quixfox the Digger (level 6, -12/32 HPs)
             Began as a Gargoyle Earth Elementalist on Aug 5, 2022.
             Mangled by an ogre
             ... wielding a +0 giant club
              (33 damage)
             ... on level 4 of the Dungeon.
             The game lasted 00:10:25 (3547 turns).

quixfox the Digger (Gargoyle Earth Elementalist)    Turns: 3547, Time: 00:10:25

Health: -12/32     AC:  8    Str: 12    XL:     6   Next: 40%
Magic:  9/12       EV: 15    Int: 17    God:
Gold:   91         SH:  0    Dex: 10    Spells: 7/13 levels left

rFire   . . .      SeeInvis +   t - +2 short sword (elec)
rCold   . . .      Faith    .   (no shield)
rNeg    + . .      Spirit   .   a - +0 robe
rPois   ∞          Reflect  .   (no helmet)
rElec   +          Harm     .   (no cloak)
rCorr   .          Rampage  .   (no gloves)
Will    .....                   h - +1 pair of boots
Stlth   ++........              v - amulet of regeneration
HPRegen 0.90/turn               n - +4 ring of evasion
MPRegen 0.13/turn               l - ring of see invisible

@: no status effects
A: sickness immunity, AC +4, negative energy resistance 1, electricity
resistance, torment resistance 1, petrification resistance
a: no special abilities


You were on level 4 of the Dungeon.
You visited 1 branch of the dungeon, and saw 4 of its levels.
You also visited: Sewer.

You collected 91 gold pieces.

Inventory:

Hand Weapons
 e - a +0 mace
 t - a +2 short sword of electrocution (weapon)
Armour
 a - a +0 robe (worn)
 h - a +1 pair of boots (worn)
 r - a +0 buckler
Jewellery
 k - a ring of positive energy
 l - a ring of see invisible (right hand)
 n - a +4 ring of evasion (left hand)
 u - a ring of willpower
 v - an amulet of regeneration (around neck)
Scrolls
 c - a scroll of torment {unknown}
 d - a scroll of brand weapon {unknown}
 f - 3 scrolls of vulnerability
 j - 3 scrolls of teleportation
 s - a scroll of amnesia
Potions
 b - a potion of magic
 g - a potion of heal wounds {unknown}
 i - 3 potions of flight
 m - 3 potions of attraction
 o - a potion of mutation {unknown}
 p - a potion of cancellation {unknown}
 q - 3 potions of curing


   Skills:
 - Level 1.5 Dodging
 - Level 2.1 Stealth
 + Level 4.2 Spellcasting
 + Level 2.3 Conjurations
 - Level 0.7 Transmutations
 + Level 6.1 Earth Magic


You had 7 spell levels left.
You knew the following spells:

 Your Spells              Type           Power      Damage    Failure   Level
a - Sandblast             Erth           48%        2d12      1%          1
b - Passwall              Tmut/Erth      12%        N/A       6%          2
c - Stone Arrow           Conj/Erth      34%        3d9       9%          3

Your spell library contained the following spells:

 Spells                   Type           Power      Damage    Failure   Level
 Wereblood                Tmut           6%         N/A       17%         2
 Petrify                  Tmut/Erth      15%        N/A       36%         4
 Summon Hydra             Summ           1%         N/A       100%        7
 Sublimation of Blood     Necr           Unusable   N/A       N/A         2

Dungeon Overview and Level Annotations

Branches:
Dungeon (3/15)              Sewer (visited)

Altars:

Annotations:
D:3 1 runed translucent door, Crazy Yiuf


Innate Abilities, Weirdness & Mutations

You are immune to sickness and miasma.
Your stone body is resilient. (AC +4)
You are immune to poison.
You resist negative energy. (rN+)
You are resistant to electric shocks. (rElec)
You are resistant to unholy torment.
You are immune to petrification.


Message History

You finish putting on your amulet of regeneration.
The amulet throbs as it attunes itself to your uninjured body.
v - an amulet of regeneration (around neck)
You open the door.
A ball python comes into view.
There is an open door here.
You can't see any susceptible monsters within range! (Use Z to cast anyway.)
The blast of sand hits the ball python!
You kill the ball python!
Magic restored.
There is an open door here.
You open the door.
There is an open door here.
There is an open door here.
You open the door.
A quokka comes into view.
The blast of sand hits the quokka!
You kill the quokka!
There is an open door here.
You open the door.
A goblin and a ball python come into view.
There is an open door here.
You can't see any susceptible monsters within range! (Use Z to cast anyway.)
The blast of sand hits the ball python!
You kill the ball python!
The blast of sand hits the goblin!
You kill the goblin!
An ogre comes into view. It is wielding a +0 giant club.
Found a throwing net.
Found 12 gold pieces.
You can't see any susceptible monsters within range! (Use Z to cast anyway.)
The blast of sand hits the ogre!
The ogre is heavily wounded.
The blast of sand hits the ogre!
The ogre is severely wounded.
The ogre hits you with a +0 giant club!
The blast of sand misses the ogre.
The ogre hits you with a +0 giant club!!
Ouch! That really hurt!
You die...

#........#####
#######'#### #..
#.....# #..
#.....# ..
#.....# #.
##...##
######.#####'###
#..............#
+.....O@.......#
#.......)......#
#......###+#####
#.....$ #......
#...... #.(....
###+###


You could see an ogre.

Vanquished Creatures
  A kobold brigand (Sewer)
  6 gnolls (D:2)
  5 adders
  2 river rats (Sewer)
  An ufetubus (D:3)
  4 worms
  5 dart slugs
  7 ball pythons
  9 endoplasms
  A giant cockroach (D:3)
  7 hobgoblins
  3 jackals (D:1)
  3 quokkas
  9 bats
  6 frilled lizards
  7 goblins
  14 kobolds
  12 rats
102 creatures vanquished.

Notes
Turn   | Place    | Note
-------+----------+-------------------------------------------
     0 | D:1      | quixfox the Gargoyle Earth Elementalist began the quest for
                  | the Orb.
     0 | D:1      | Reached XP level 1. HP: 10/10 MP: 3/3
   196 | D:1      | Reached skill level 4 in Earth Magic
   196 | D:1      | Reached XP level 2. HP: 15/15 MP: 3/5
   879 | D:1      | Reached XP level 3. HP: 19/19 MP: 4/6
  1604 | D:2      | Reached XP level 4. HP: 22/24 MP: 4/8
  1821 | D:2      | Reached skill level 5 in Earth Magic
  2009 | D:2      | Reached XP level 5. HP: 28/28 MP: 8/10
  2070 | D:2      | Learned a level 2 spell: Passwall
  2074 | D:2      | Learned a level 3 spell: Stone Arrow
  2406 | D:3      | Found a glowing drain.
  2427 | Sewer    | Entered a sewer
  2479 | Sewer    | Reached skill level 1 in Conjurations
  2582 | Sewer    | Noticed a kobold brigand
  2591 | Sewer    | Killed a kobold brigand
  2592 | Sewer    | Reached XP level 6. HP: 23/32 MP: 4/12
  2737 | Sewer    | Reached skill level 6 in Earth Magic
  3144 | D:3      | Found a faded altar of an unknown god.
  3144 | D:3      | Noticed a sun demon
  3230 | D:3      | Found a runed translucent door.
  3231 | D:3      | Noticed Crazy Yiuf
  3371 | D:3      | You fall into a shaft and drop 1 floor!
  3547 | D:4      | Mangled by an ogre

Illustrated notes

Levels and vault maps discovered:
D:1:      elethiomel_arrival_maze, layout_basic, minmay_close_crescents
D:2:      layout_basic
D:3:      layout_rooms, nicolae_hepliaklqana_monster_ancestors,
          cheibrodos_sewer_entry_drain, dreamdust_ecumenical_altar_sealed_demon,
          minmay_quadrilaterals, uniq_crazy_yiuf_cottage
D:4:      layout_gridville, mainiacjoe_overflow_cross_hatched,
          gammafunk_ghost_necromancy

Skill      XL: |  1  2  3  4  5  6 |
---------------+-------------------+-----
Earth Magic    | 4 5 6 |  6.1
Spellcasting   | 3 4 |  4.2
Conjurations   | 1 2 |  2.3
Dodging        | |  1.5
Stealth        | |  2.1
Transmutations | |  0.7

Action                   |  1- 3 |  4- 6 || total
-------------------------+-------+-------++-------
Melee: Mace              |     5 |     1 ||     6
 Cast: Sandblast         |    54 |   101 ||   155
  Use: Scroll            |       |     9 ||     9
Armor: Robe              |    13 |     9 ||    22
Dodge: Dodged            |    22 |    39 ||    61

Table legend: (Time is in decaauts)
 A = Elapsed time spent in this place.
 B = Non-inter-level travel time spent in this place.
 C = Inter-level travel time spent in this place.
 D = Time resting spent in this place.
 E = Time spent auto-exploring this place.
 F = Levels seen in this place.
 G = Mean time per level.
                   A        B        C        D        E       F      G
               +--------+--------+--------+--------+--------+-----+--------+
         Total |   3783 |   3696 |     87 |    528 |   1914 |   5 |  756.6 |
       Dungeon |   3118 |   3031 |     87 |    456 |   1474 |   4 |  779.5 |
         Sewer |    664 |    664 |      0 |     72 |    440 |   1 |  664.0 |
               +--------+--------+--------+--------+--------+-----+--------+

Top non-repeatable levels by time:
     D:2: 1281 daAuts
     D:1: 1205 daAuts
   Sewer: 664 daAuts
     D:3: 449 daAuts
     D:4: 182 daAuts
